 Dungeon Crawl Stone Soup version 0.30-a0-595-g91969c0fa5 (webtiles) character file.

Game seed: 10048884477007408056

129 Leeroy the Insei (level 5, -2/33 HPs)
             Began as an Octopode Transmuter on Jan 6, 2023.
             Slain by a gnoll
             ... wielding a +0 flail
              (4 damage)
             ... on level 3 of the Dungeon.
             The game lasted 00:02:48 (2296 turns).

Leeroy the Insei (Octopode Transmuter)              Turns: 2296, Time: 00:02:48

Health: -2/33      AC:  1    Str: 10    XL:     5   Next: 12%
Magic:  8/8        EV: 13    Int: 15    God:
Gold:   127        SH:  0    Dex: 12    Spells: 4/8 levels left

rFire   . . .      SeeInvis .    m - +10 whip of Inconvenience {freeze, rElec rC+ Int-2}
rCold   + . .      Faith    .    (no shield)
rNeg    . . .      Spirit   .    (helmet restricted)
rPois   .          Reflect  .    (no amulet)
rElec   +          Harm     .    (no ring)
rCorr   .          Rampage  .    (no ring)
Will    .....                    (no ring)
Stlth   ++                       (no ring)
HPRegen 0.25/turn                (no ring)
MPRegen 0.11/turn                (no ring)
                                 (no ring)
                                 (no ring)

@: no status effects
A: almost no armour, amphibious, 8 rings, camouflage 1, gelatinous body 1,
(nimble swimmer 1), tentacles
a: no special abilities


You were on level 3 of the Dungeon.
You visited 1 branch of the dungeon, and saw 3 of its levels.

You collected 127 gold pieces.

Inventory:

Hand Weapons
 g - a +1 mace of protection
 h - a +1 hand axe of venom
 m - the +10 whip of Inconvenience (weapon) {freeze, rElec rC+ Int-2}
   (You found it on level 2 of the Dungeon)

   Int:       It affects your intelligence (-2).
   rC:        It protects you from cold.
   rElec:     It insulates you from electricity.
 r - a +2 dagger of flaming
Scrolls
 b - a scroll of immolation {unknown}
 e - a scroll of fear {unknown}
 i - 2 scrolls of identify {unknown}
 j - a scroll of enchant weapon {unknown}
 k - a scroll of brand weapon {unknown}
 n - a scroll of amnesia {unknown}
 p - a scroll of silence {unknown}
Potions
 a - 2 potions of lignification
 c - 3 potions of curing {unknown}
 d - 3 potions of heal wounds {unknown}
 f - 2 potions of attraction {unknown}
 l - 2 potions of degeneration {unknown}
 o - a potion of invisibility {unknown}
 q - a potion of brilliance {unknown}


   Skills:
 - Level 1.0 Fighting
 - Level 2.0 Dodging
 - Level 4.5 Unarmed Combat
 - Level 2.0 Spellcasting
 + Level 3.8 Transmutations


You had 4 spell levels left.
You knew the following spells:

 Your Spells              Type           Power      Damage    Failure   Level
a - Beastly Appendage     Tmut           26%        N/A       4%          1
b - Spider Form           Tmut/Pois      7%         N/A       30%         3

Your spell library contained the following spells:

 Spells                   Type           Power      Damage    Failure   Level
 Wereblood                Tmut           13%        N/A       7%          2
 Magic Dart               Conj           4%         1d3       22%         1
 Searing Ray              Conj           2%         2d4       32%         2
 Ignite Poison            Fire/Tmut/Pois 5%         N/A       36%         3
 Ice Form                 Ice/Tmut       7%         N/A       69%         4
 Fulminant Prism          Conj/Hex       0%         3d5       91%         4
 Sticky Flame             Conj/Fire      1%         2d3       91%         4
 Ignition                 Fire           0%         3d3       100%        8


Dungeon Overview and Level Annotations

Branches:
Dungeon (3/15)

Altars:
Kikubaaqudgha
Yredelemnul

Annotations:
D:3 2 transporters, Menkaure


Innate Abilities, Weirdness & Mutations

You cannot wear most types of armour.
You are amphibious.
You can wear up to eight rings at the same time.
Your skin changes colour to match your surroundings (Stealth+).
Your rubbery body absorbs attacks. (AC +1, EV +1)
((You are camouflaged when in or above water. (Stealth+)))
You have tentacles for arms and can constrict up to eight enemies at once.


Message History

There is an open door here.
You see here a +0 club.
There is an open door here.
Key pressed, stopping explore.
Found 6 stones.
A frilled lizard comes into view.
A frilled lizard is nearby!
Found 5 gold pieces.
The frilled lizard hisses angrily.
The frilled lizard bites you but does no damage.
You see here 6 stones.
You closely miss the frilled lizard. Your grab misses the frilled lizard.
Your squeeze misses the frilled lizard. The frilled lizard misses you.
You whack the frilled lizard!
The frilled lizard seems to slow down.
You freeze the frilled lizard.
You kill the frilled lizard!
No target in view!
No target in view!
No target in view!
Found a stone staircase leading down.
A gnoll comes into view. It is wielding a +0 whip.
You see here 5 gold pieces. 3 gnolls come into view.
The gnoll shouts! x4
The gnoll hits you from afar with a +0 spear!
The gnoll completely misses you. The gnoll barely misses you.
You whack the gnoll! You freeze the gnoll. Your grab misses the gnoll.
The gnoll is severely wounded.
The gnoll closely misses you. The gnoll hits you with a +0 halberd.
The gnoll hits you with a +0 whip!
You are too injured to fight recklessly!
You are too injured to fight recklessly!
You are too injured to fight recklessly!
You are too injured to fight recklessly!
The gnoll attacks as you move away! The gnoll hits you with a +0 halberd!
* * * LOW HITPOINT WARNING * * *
The gnoll misses you.
There is a stone staircase leading down here.
The gnoll closely misses you. The gnoll hits you with a +0 flail.
You die...

##### #### #...#
#..###...#
#...##...#####
####.#.†#...##...
#####.......(...##...
#...............##...
#...@.$....>.........
#..gg###...#....##...
#..gg# #.#.##....<...
#........#...........
#......#.###....#..#.
#....#....##.......#.
########.............
#.#.#...##..## ##
#.....###..#


You could see 4 gnolls.

Vanquished Creatures
  5 adders
  2 worms (D:2)
  5 dart slugs (D:1)
  7 ball pythons
  3 bats
  4 endoplasms
  3 giant cockroaches
  9 goblins
  10 hobgoblins
  2 quokkas
  4 frilled lizards
  5 kobolds
  7 rats
  A bush (D:1)
67 creatures vanquished.

Vanquished Creatures (others)
  3 plants (D:1)
3 creatures vanquished.

Grand Total: 70 creatures vanquished

Notes
Turn   | Place    | Note
-------+----------+-------------------------------------------
     0 | D:1      | Leeroy the Octopode Transmuter began the quest for the Orb.
     0 | D:1      | Reached XP level 1. HP: 13/13 MP: 3/3
   204 | D:1      | Reached XP level 2. HP: 18/18 MP: 5/5
   364 | D:1      | Reached skill level 4 in Unarmed Combat
   372 | D:1      | Found a faded altar of an unknown god.
   373 | D:1      | Noticed a floating eye
   375 | D:1      | Noticed a shining eye
   375 | D:1      | Noticed a floating eye
   375 | D:1      | Noticed an eye of devastation
   388 | D:1      | Reached XP level 3. HP: 23/23 MP: 6/6
   408 | D:1      | Learned a level 3 spell: Spider Form
   959 | D:2      | Identified the +10 whip of Inconvenience {freeze, rElec rC+
                  | Int-2}
  1190 | D:2      | Reached XP level 4. HP: 11/28 MP: 7/7
  1938 | D:3      | Found a basalt altar of Yredelemnul.
  1938 | D:3      | Found an ancient bone altar of Kikubaaqudgha.
  1939 | D:3      | Noticed Menkaure
  1985 | D:3      | Reached XP level 5. HP: 33/33 MP: 8/8
  2050 | D:3      | Found a transporter.
  2052 | D:3      | Found a transporter.
  2295 | D:3      | HP: 1/33 [gnoll/+0 halberd (10)]
  2296 | D:3      | Slain by a gnoll

Illustrated notes

Levels and vault maps discovered:
D:1:      dpeg_arrival_round_b, layout_basic, serial_forest,
          infiniplex_forest_zigzag_1, infiniplex_forest_clump_long,
          infiniplex_forest_lined_3, infiniplex_forest_clump_curved,
          infiniplex_forest_clump_curved, infiniplex_forest_clump_long,
          infiniplex_forest_straight_5, infiniplex_forest_lined_4_way,
          infiniplex_forest_clump_C, hellmonk_ecumenical_altar_watching_god
D:2:      layout_basic, kennysheep_generic_room_16
D:3:      cheibrodos_greedy_goblins, layout_rooms, gammafunk_temple_of_torment,
          kennysheep_minor_cross

Skill      XL: |  1  2  3  4 |
---------------+-------------+-----
Unarmed Combat | 4 |  4.5
Transmutations | 3 |  3.8
Fighting       | |  1.0
Dodging        | |  2.0
Spellcasting   | |  2.0

Action                   |  1- 3 |  4- 6 || total
-------------------------+-------+-------++-------
Melee: Unarmed           |   144 |       ||   144
       Constrict         |    20 |     9 ||    29
       Tentacles         |    43 |     2 ||    45
       Whip              |     7 |    48 ||    55
       Punch             |     7 |     1 ||     8
 Stab: Sleeping          |     7 |     1 ||     8
Armor: Skin              |     6 |     4 ||    10
Dodge: Dodged            |    38 |    28 ||    66

Table legend: (Time is in decaauts)
 A = Elapsed time spent in this place.
 B = Non-inter-level travel time spent in this place.
 C = Inter-level travel time spent in this place.
 D = Time resting spent in this place.
 E = Time spent auto-exploring this place.
 F = Levels seen in this place.
 G = Mean time per level.
                   A        B        C        D        E       F      G
               +--------+--------+--------+--------+--------+-----+--------+
         Total |   2289 |   2164 |    125 |      0 |   1701 |   3 |  763.0 |
       Dungeon |   2289 |   2164 |    125 |      0 |   1701 |   3 |  763.0 |
               +--------+--------+--------+--------+--------+-----+--------+

Top non-repeatable levels by time:
     D:2: 912 daAuts
     D:1: 875 daAuts
     D:3: 500 daAuts
